[Event "Team 45 45 League T57"]
[Site "Internet Chess Club"]
[Date "2013.06.26"]
[Round "5"]
[White "Stryker672"]
[Black "lluisdp"]
[Result "1-0"]
[WhiteElo "2034"]
[BlackElo "1993"]
[Opening "French: Winawer, advance variation"]
[ECO "C16"]
[Time "22:05:26"]
[TimeControl "2700+45"]

1. e4 e6 2. d4 d5 3. Nc3 Bb4 4. e5 b6 5. f4 Bb7 6. Nf3 Nc6 7. Bd2 Qd7 8. Bd3
O-O-O 9. a3 Bf8 10. b4 f6 11. Qe2 Nge7 12. b5 Na5 13. O-O f5 14. a4 h6 15. Rfb1
Kb8 16. Nd1 Nc4 17. Ne3 Nxd2 18. Qxd2 Rg8 19. h4 Nc8 20. a5 Be7 21. Nd1 g5 22.
fxg5 hxg5 23. Nxg5 Bxg5 24. hxg5 Qe7 25. Nf2 Rxg5 26. Nh3 Rg4 27. Be2 Rg3 28.
Kh2 Rdg8 29. Bf1 Qh4 30. Rb3 Rxb3 31. cxb3 Rg4 32. Qf2 Qxf2 33. Nxf2 Rxd4 34. a6
Ba8 35. Ra4 Rd2 36. Nh3 Ne7 37. Nf4 Ng6 38. Nxg6 d4 39. Nf4 Rf2 40. Rxd4 {Black
resigns} 1-0

[Event "Team 45 45 League T57"]
[Site "Internet Chess Club"]
[Date "2013.06.24"]
[Round "5"]
[White "PopolVuh"]
[Black "DARKwizard1"]
[Result "0-1"]
[WhiteElo "1948"]
[BlackElo "2007"]
[Opening "English opening"]
[ECO "A20"]
[Time "18:02:46"]
[TimeControl "2700+45"]

1. c4 e5 2. g3 Nf6 3. Bg2 c6 4. Nf3 e4 5. Ng5 d5 6. cxd5 cxd5 7. d3 h6 8. Nh3
Be7 9. Nc3 O-O 10. O-O Nc6 11. dxe4 d4 12. Nd5 Nxd5 13. exd5 Bxh3 14. Bxh3 Qxd5
15. Bg2 Qd7 16. Qa4 Bf6 17. Rd1 Rad8 18. h4 Rfe8 19. Bf3 g5 20. hxg5 hxg5 21.
Qb5 Re7 22. Kg2 g4 23. Bxc6 bxc6 24. Qd3 Qe6 25. Re1 c5 26. Bf4 Rd5 27. Rac1 Rh5
28. b3 Qd5+ 29. f3 Qe6 30. fxg4 Qxg4 31. Qf3 Qh3+ 32. Kf2 Qh2+ 33. Qg2 Be5 34.
Bxe5 Rexe5 35. Qxh2 Rxh2+ 36. Kf3 Kg7 37. a4 Kg6 38. e4 Kf6 39. Rc4 Rb2 40. Rec1
Rxb3+ 41. Kf4 Re3 {White resigns} 0-1

[Event "Team 45 45 League T57"]
[Site "Internet Chess Club"]
[Date "2013.06.23"]
[Round "5"]
[White "LiangLiang"]
[Black "az2112"]
[Result "1-0"]
[WhiteElo "1746"]
[BlackElo "1640"]
[Opening "Sicilian: Najdorf, Byrne (English) attack"]
[ECO "B90"]
[Time "20:00:21"]
[TimeControl "2700+45"]

1. e4 c5 2. Nf3 d6 3. d4 cxd4 4. Nxd4 Nf6 5. Nc3 a6 6. Be3 e6 7. Be2 Be7 8. O-O
O-O 9. Qd2 b5 10. Bf3 Bb7 11. e5 Bxf3 12. exf6 Bxf6 13. Nxf3 Nd7 14. Bg5 Rc8 15.
Bxf6 Nxf6 16. a3 Qe7 17. Rad1 Rfd8 18. Rfe1 d5 19. Nd4 Qc7 20. Qg5 Qc4 21. Re3
b4 22. axb4 Qxb4 23. Rg3 Ne8 24. Nc6 {Black resigns} 1-0

[Event "Team 45 45 League T57"]
[Site "Internet Chess Club"]
[Date "2013.06.24"]
[Round "5"]
[White "Schack"]
[Black "DouDou"]
[Result "1-0"]
[WhiteElo "1666"]
[BlackElo "1746"]
[Opening "Grünfeld: exchange variation"]
[ECO "D85"]
[Time "22:17:53"]
[TimeControl "2700+45"]

1. d4 Nf6 2. c4 g6 3. Nc3 d5 4. cxd5 Nxd5 5. e4 Nxc3 6. bxc3 Bg7 7. Bg5 c5 8.
Rc1 Qa5 9. Qd2 Nc6 10. d5 Ne5 11. Nf3 Nxf3+ 12. gxf3 e6 13. c4 Qa6 14. h4 h5 15.
Be2 Bd7 16. Rg1 Qa3 17. Rg3 Ba4 18. f4 Qb4 19. Qxb4 cxb4 20. e5 O-O 21. d6 Bd7
22. Bxh5 Rac8 23. Be7 Rfe8 24. Bf3 b5 25. c5 Bf8 26. Bf6 Bg7 27. Bxg7 Kxg7 28.
h5 Kh6 29. hxg6 fxg6 30. c6 Rf8 31. Kd2 Be8 32. d7 Rd8 33. Ke3 Bf7 34. Rh1+ Kg7
35. Rgh3 Rh8 36. Rxh8 Rxh8 37. Rxh8 Kxh8 38. d8=Q+ {Black resigns} 1-0

[Event "Team 45 45 League T57"]
[Site "Internet Chess Club"]
[Date "2013.06.20"]
[Round "5"]
[White "ilovechess"]
[Black "jufral"]
[Result "1/2-1/2"]
[WhiteElo "1448"]
[BlackElo "1530"]
[Opening "Pirc defense"]
[ECO "B07"]
[Time "13:00:43"]
[TimeControl "2700+45"]

1. e4 d6 2. d4 Nf6 3. Nc3 g6 4. Be2 Bg7 5. Be3 b6 6. Qd2 O-O 7. Bh6 c5 8. Bxg7
Kxg7 9. Bf3 e5 10. dxe5 dxe5 11. O-O-O Qxd2+ 12. Rxd2 Nc6 13. Nge2 Be6 14. h4 h5
15. Nd5 Rfc8 16. Nec3 Nd4 17. Nxf6 Kxf6 18. Bd1 b5 19. Nd5+ Kg7 20. c3 Nc6 21.
Rg1 b4 22. c4 Rab8 23. b3 Nd4 24. g4 Bxg4 25. Bxg4 hxg4 26. Rxg4 Kh6 27. f4 f5
28. Rgg2 fxe4 29. fxe5 Rf8 30. Rg4 e3 31. Nxe3 a5 32. Rdg2 Rg8 33. h5 g5 34. Nf1
Kxh5 35. Nd2 Rbe8 36. Ne4 Rxe5 37. Nf6+ Kg6 38. Nxg8 Re1+ 39. Kb2 Nf3 40. R4g3
Re3 41. Ne7+ Rxe7 42. Rxf3 Re5 43. Rd3 Re4 44. Rd5 g4 45. Rxc5 Rd4 46. Rxa5 Re4
47. Ra8 Kf5 48. Rf8+ Kg5 49. Rb8 Re3 50. Rxb4 g3 51. a4 Kf4 52. a5 Kf3 53. Rg1
Kf2 54. Ra1 g2 55. a6 Re1 56. Rxe1 Kxe1 57. a7 g1=Q 58. a8=Q Qd4+ 59. Kc2 Qd2+
60. Kb1 Qd3+ 61. Ka2 Qc2+ 62. Ka1 Qc1+ 63. Ka2 Qc2+ 64. Ka3 Qc1+ 65. Ka2 Qc2+
{Game drawn by repetition} 1/2-1/2

[Event "Team 45 45 League T57"]
[Site "Internet Chess Club"]
[Date "2013.06.20"]
[Round "5"]
[White "toukon"]
[Black "Kingofknights"]
[Result "1-0"]
[WhiteElo "1749"]
[BlackElo "1641"]
[Opening "QGD Slav: Carlsbad variation"]
[ECO "D17"]
[Time "21:02:51"]
[TimeControl "2700+45"]

1. d4 d5 2. c4 c6 3. Nc3 Nf6 4. Nf3 dxc4 5. a4 Bf5 6. Ne5 Nbd7 7. Nxc4 Qc7 8. g3
e5 9. dxe5 Nxe5 10. Bf4 Nfd7 11. Bg2 f6 12. O-O Be7 13. Ne3 Be6 14. Qc2 O-O 15.
Ncd5 Qd8 16. Nxe7+ Qxe7 17. Nf5 Qb4 18. Ne3 Rad8 19. Nd1 Qc4 20. Nc3 Nb6 21.
Rfc1 g6 22. a5 Nd5 23. Bxe5 fxe5 24. Nxd5 Qxc2 25. Ne7+ Kf7 26. Rxc2 Kxe7 27. a6
b6 28. Rxc6 Bf5 29. Rc7+ Rd7 30. Rac1 Rd8 31. Kf1 e4 32. h4 Rxc7 33. Rxc7+ Rd7
34. Rxd7+ Kxd7 35. Ke1 Kc6 36. Kd2 Kb5 37. Ke3 Kxa6 38. Bxe4 Bxe4 39. Kxe4 Kb5
40. Kd3 Kb4 41. Kc2 a5 42. f4 Kc4 43. e4 Kd4 44. e5 Kd5 45. Kb3 b5 46. Kc3 h6
47. g4 Ke6 48. Kd4 {Black resigns} 1-0

[Event "Team 45 45 League T57"]
[Site "Internet Chess Club"]
[Date "2013.06.21"]
[Round "5"]
[White "AVEMARIA"]
[Black "QuieroAprender"]
[Result "1/2-1/2"]
[WhiteElo "1655"]
[BlackElo "1737"]
[Opening "Giuoco Piano"]
[ECO "C54"]
[Time "18:01:20"]
[TimeControl "2700+45"]

1. e4 e5 2. Nf3 Nc6 3. Bc4 Bc5 4. c3 Nf6 5. d3 O-O 6. Bb3 d6 7. h3 Na5 8. Bc2
Be6 9. b4 Bxf2+ 10. Kxf2 Nc6 11. Bg5 h6 12. Bxf6 Qxf6 13. Nd2 d5 14. exd5 Bxd5
15. Ne4 Qe7 16. Bb3 Rad8 17. Bxd5 Rxd5 18. Qe2 Re8 19. Rhd1 f5 20. Ng3 g6 21.
Kg1 Qd6 22. a4 e4 23. Nf1 Rd8 24. Ne1 exd3 25. Qa2 Kh7 26. Rxd3 Rxd3 27. Nxd3
Qxd3 28. Qf7+ Kh8 29. Qf6+ {Game drawn by mutual agreement} 1/2-1/2

[Event "Team 45 45 League T57"]
[Site "Internet Chess Club"]
[Date "2013.06.24"]
[Round "5"]
[White "Lumumba"]
[Black "whiskeytown"]
[Result "1-0"]
[WhiteElo "1669"]
[BlackElo "1578"]
[Opening "King's Indian: Four pawns attack"]
[ECO "E76"]
[Time "12:00:22"]
[TimeControl "2700+45"]

1. d4 Nf6 2. c4 g6 3. Nc3 Bg7 4. e4 d6 5. f4 O-O 6. Nf3 Nbd7 7. e5 dxe5 8. fxe5
Ne8 9. Be2 c5 10. O-O cxd4 11. Qxd4 Nc7 12. Rd1 Ne6 13. Qh4 b6 14. Kh1 Bb7 15.
Ng5 Nxg5 16. Bxg5 f6 17. exf6 exf6 18. Qh3 Bc6 19. Qe6+ Rf7 20. Qxc6 fxg5 21.
Bg4 Rc8 22. Rxd7 Rxc6 23. Rxd8+ Rf8 24. Rxf8+ Kxf8 25. Rf1+ Kg8 26. Bf3 Rc8 27.
Bd5+ Kh8 28. h3 Rd8 29. Re1 a6 30. Re7 b5 31. Ra7 bxc4 32. Bxc4 Bxc3 33. bxc3
Rc8 34. Bxa6 Rxc3 35. a4 h5 36. a5 g4 37. hxg4 hxg4 38. Kh2 Rc5 39. Bd3 g5 40.
Rh7+ Kg8 41. a6 Ra5 42. a7 g3+ 43. Kxg3 g4 44. Kxg4 Ra6 {Black resigns} 1-0

[Event "Team 45 45 League T57"]
[Site "Internet Chess Club"]
[Date "2013.06.22"]
[Round "5"]
[White "tightfist"]
[Black "BotanicalKnight"]
[Result "1/2-1/2"]
[WhiteElo "1549"]
[BlackElo "1512"]
[Opening "English: Sicilian reversed"]
[ECO "A25"]
[Time "10:05:57"]
[TimeControl "2700+45"]

1. c4 e5 2. Nc3 Nc6 3. g3 g6 4. e4 Bg7 5. Bg2 d6 6. Nge2 f5 7. exf5 Bxf5 8. d3
Nf6 9. Bg5 h6 10. Bxf6 Bxf6 11. Nd5 Bg7 12. O-O O-O 13. Rc1 Rb8 14. b4 Ne7 15.
Ne3 c6 16. Nxf5 Nxf5 17. a4 g5 18. Qb3 Kh8 19. Rfd1 Qf6 20. b5 Nd4 21. Nxd4
Qxf2+ 22. Kh1 Qxd4 23. Rf1 c5 24. Rxf8+ Rxf8 {Game drawn by mutual agreement}
1/2-1/2

[Event "Team 45 45 League T57"]
[Site "Internet Chess Club"]
[Date "2013.06.23"]
[Round "5"]
[White "Grenadier"]
[Black "JustinL"]
[Result "1-0"]
[WhiteElo "1705"]
[BlackElo "1954"]
[Opening "Ruy Lopez: closed, Bogolyubov variation"]
[ECO "C91"]
[Time "20:01:08"]
[TimeControl "2700+45"]

1. e4 e5 2. Nf3 Nc6 3. Bb5 a6 4. Ba4 Nf6 5. O-O Be7 6. Re1 b5 7. Bb3 d6 8. c3
O-O 9. d4 Bg4 10. d5 Na5 11. Bc2 c6 12. dxc6 Qc7 13. Bg5 Qxc6 14. Nbd2 Be6 15.
a4 Rfc8 16. Be3 h6 17. axb5 axb5 18. Nh4 Nc4 19. Nxc4 bxc4 20. Nf5 Bxf5 21. exf5
d5 22. f4 e4 23. Bd4 Rxa1 24. Qxa1 Qd7 25. Qa7 Qxa7 26. Bxa7 Ra8 27. Bd4 Rb8 28.
Rb1 Nd7 29. b3 cxb3 30. Rxb3 Rd8 31. Rb5 Nf6 32. Bb3 Kf8 33. Kf2 h5 34. h3 h4
35. Bxf6 Bxf6 36. Bxd5 Bxc3 37. Bxe4 Rd2+ 38. Kf3 Bd4 39. Rb4 Rf2+ 40. Kg4 Bf6
41. Rc4 Ra2 42. Rc8+ Ke7 43. Rc7+ Ke8 44. Bd5 Rd2 45. Bf3 Rd4 46. Rc2 g5 47.
Re2+ Kd7 48. Re4 Rxe4 49. Bxe4 gxf4 50. Kxf4 Kd6 51. Bb1 Be5+ 52. Kg4 Bg3 53.
Kh5 Ke5 54. Kh6 f6 55. Kg6 Bf4 56. Kh5 Bg5 57. Kg4 Kd4 58. g3 hxg3 59. Kxg3 Ke3
60. h4 {Black resigns} 1-0

[Event "Team 45 45 League T57"]
[Site "Internet Chess Club"]
[Date "2013.06.24"]
[Round "5"]
[White "justice02"]
[Black "GoIrish"]
[Result "0-1"]
[WhiteElo "1694"]
[BlackElo "1586"]
[Opening "English opening"]
[ECO "A05"]
[Time "21:00:32"]
[TimeControl "2700+45"]

1. Nf3 Nf6 2. c4 g6 3. g3 Bg7 4. Bg2 O-O 5. O-O d6 6. Nc3 e5 7. d3 Nc6 8. Rb1 a5
9. h3 Bd7 10. Bg5 h6 11. Be3 Qc8 12. Qc1 Kh7 13. g4 Ng8 14. c5 f5 15. gxf5 gxf5
16. cxd6 cxd6 17. Nd5 Qe8 18. Nc7 Qh5 19. Nxa8 Rxa8 20. Qc4 f4 21. Qe4+ Bf5 22.
Qxf5+ Qxf5 23. Nh4 Qg5 24. Nf3 Qe7 25. Bd2 Nf6 26. e3 Nh5 27. Rfe1 Qf7 28. Nh4
d5 29. a3 Rf8 30. Kh1 Ne7 31. Bxa5 fxe3 32. Rxe3 Qxf2 33. Bb6 Qxh4 34. Bc5 Nf4
35. Bxe7 Qxe7 36. Bf3 Nxh3 37. Bxd5 Nf2+ 38. Kg2 Qg5+ 39. Rg3 Qd2 40. Kh2 Ng4+
41. Kh3 h5 42. Rh1 Nf2+ 43. Kh4 Nxh1 {White resigns} 0-1

[Event "Team 45 45 League T57"]
[Site "Internet Chess Club"]
[Date "2013.06.20"]
[Round "5"]
[White "BrerRabbit"]
[Black "noblitz-oblige"]
[Result "0-1"]
[WhiteElo "1440"]
[BlackElo "1568"]
[Opening "Queen's pawn game"]
[ECO "A46"]
[Time "20:04:00"]
[TimeControl "2700+45"]

1. d4 Nf6 2. Nf3 e6 3. Bf4 Nc6 4. e3 Ne7 5. Bd3 Ng6 6. Bg3 d5 7. c4 Bd6 8. Nc3
O-O 9. Qb3 b6 10. cxd5 Bxg3 11. hxg3 exd5 12. O-O-O c5 13. Qc2 cxd4 14. Nxd4 Bd7
15. Kb1 a6 16. Rc1 b5 17. Nce2 Qb6 18. Qc7 Qxc7 19. Rxc7 Rfc8 20. Rhc1 Ne5 21.
Bf5 Bxf5+ 22. Nxf5 Rxc7 23. Rxc7 Nc4 24. Nc3 Rd8 25. Rc5 Ne4 26. Nxd5 Nxc5 27.
Nc3 Rd2 {White resigns} 0-1

[Event "Team 45 45 League T57"]
[Site "Internet Chess Club"]
[Date "2013.06.20"]
[Round "5"]
[White "kingsrook"]
[Black "AlPearson"]
[Result "0-1"]
[WhiteElo "1268"]
[BlackElo "1352"]
[Opening "King's Indian: London system"]
[ECO "A48"]
[Time "17:17:59"]
[TimeControl "2700+45"]

1. d4 Nf6 2. Nf3 g6 3. Bf4 Bg7 4. h3 O-O 5. e3 d6 6. Bd3 b6 7. O-O Bb7 8. c4
Nbd7 9. Nc3 c5 10. d5 a6 11. Re1 b5 12. cxb5 Nxd5 13. Nxd5 Bxd5 14. e4 Bb7 15.
Rb1 axb5 16. a3 Qb6 17. Qd2 b4 18. Be3 Ne5 19. Nxe5 Bxe5 20. axb4 Qxb4 21. Qxb4
cxb4 22. Rec1 Ba6 23. Bxa6 Rxa6 24. b3 Rfa8 25. Bd2 Bd4 26. Bxb4 Ra2 27. Be1 Re2
28. Rd1 Bb6 29. Kf1 Raa2 30. Ra1 Rxa1 31. Rxa1 Rb2 32. b4 f5 33. Ra8+ Kf7 34.
Rb8 Bd4 35. b5 Rb1 36. f3 Bc3 37. b6 Rxe1+ 38. Kf2 fxe4 39. b7 e3+ 40. Kg3 d5
41. Rf8+ Ke6 42. f4 Rb1 43. b8=Q Rxb8 44. Rxb8 Kf5 45. Kf3 d4 46. Rb5+ Kf6 47.
Ke2 h6 48. h4 Ke6 49. Re5+ Kf6 50. g3 d3+ 51. Kxe3 Bxe5 52. fxe5+ Kxe5 53. Kxd3
Kf5 54. Ke3 Kg4 55. Kf2 e5 56. Kg2 e4 57. Kf2 e3+ 58. Kxe3 Kxg3 59. Ke4 Kxh4 60.
Kf4 g5+ 61. Kf3 Kh3 62. Kf2 Kh2 63. Kf3 h5 64. Kf2 g4 65. Kf1 g3 66. Ke2 g2 67.
Kf2 g1=Q+ 68. Kf3 Qg5 69. Kf2 Qg4 70. Ke3 Qg2 71. Kf4 Qh3 72. Kg5 Qg4+ 73. Kf6
Kg3 74. Ke5 Qf3 75. Kd4 Qe2 76. Kd5 Qe3 77. Kd6 Qe4 78. Kc5 Qd3 79. Kc6 Qd4 80.
Kb5 Qc3 81. Kb6 Qc4 82. Kb7 Qc5 83. Ka6 Qb4 84. Ka7 Kf4 85. Ka6 Ke5 86. Ka7 Kd6
87. Ka6 Kc6 88. Ka7 Qb7# {White checkmated} 0-1

[Event "Team 45 45 League T57"]
[Site "Internet Chess Club"]
[Date "2013.06.21"]
[Round "5"]
[White "ticopatzer"]
[Black "misuc56"]
[Result "1-0"]
[WhiteElo "1696"]
[BlackElo "1815"]
[Opening "Queen's gambit declined"]
[ECO "D30"]
[Time "18:08:17"]
[TimeControl "2700+45"]

1. d4 d5 2. c4 e6 3. Nf3 c6 4. e3 f5 5. Nc3 Nf6 6. cxd5 exd5 7. Bd3 Bd6 8. O-O
O-O 9. Bd2 Qe7 10. a4 a6 11. Ne2 Ne4 12. a5 Nd7 13. Qb3 Ndf6 14. Bc3 h6 15. Ra4
Kh7 16. Bb4 Re8 17. Bxd6 Qxd6 18. Qc2 g6 19. Ne5 Nd7 20. f4 Ndf6 21. Nc3 Re7 22.
h3 Rg7 23. b4 Bd7 24. Rb1 Rag8 25. Ra2 Be8 26. Na4 g5 27. Qc1 gxf4 28. exf4 Rg3
29. Nc5 Qe7 30. Kh2 Nxc5 31. Bxf5+ Kh8 32. bxc5 Qg7 33. Ng4 Nxg4+ 34. Bxg4 Rd3
35. Rd2 Rxd2 36. Qxd2 h5 37. Be6 Qg3+ 38. Kh1 Rg7 39. f5 Kh7 40. Qe2 Qh4 41. Rf1
Qf6 42. Qe5 Qg5 43. Rf2 Re7 44. Qd6 Bf7 45. Bxf7 Rxf7 46. Qe5 Re7 47. Qd6 Rf7
48. Qe5 Re7 49. Qd6 Rf7 50. g4 h4 51. Kh2 Re7 52. f6 Rf7 53. Qe6 Kg6 54. Qe8
Qxf6 55. Rxf6+ Kxf6 56. g5+ Kg7 57. Kg2 Rf8 58. Qe5+ Kg6 59. Qd6+ Kg7 60. Qh6+
Kg8 61. Qxh4 Kg7 62. Qh6+ Kg8 63. g6 {Black resigns} 1-0

[Event "Team 45 45 League T57"]
[Site "Internet Chess Club"]
[Date "2013.06.23"]
[Round "5"]
[White "jps7"]
[Black "JWB"]
[Result "0-1"]
[WhiteElo "1712"]
[BlackElo "1727"]
[Opening "King's Indian: East Indian defense"]
[ECO "A48"]
[Time "14:00:55"]
[TimeControl "2700+45"]

1. d4 Nf6 2. Nf3 g6 3. Nc3 d5 4. Bf4 c6 5. e3 Bg7 6. h4 Bg4 7. Be2 Nbd7 8. Ne5
Bxe2 9. Qxe2 Qa5 10. Nxd7 Nxd7 11. h5 O-O-O 12. O-O-O e5 13. dxe5 Nxe5 14. a3
Nc4 15. Qg4+ f5 16. Qg3 Bxc3 17. Rd3 Nxb2 18. Rxc3 Qxc3 19. Be5 Nd3+ 20. Kb1
Nxe5 21. hxg6 hxg6 22. Rc1 Nc4 23. Qxg6 Qb2# {White checkmated} 0-1

[Event "Team 45 45 League T57"]
[Site "Internet Chess Club"]
[Date "2013.06.21"]
[Round "5"]
[White "rayngrant"]
[Black "supermessi"]
[Result "0-1"]
[WhiteElo "1561"]
[BlackElo "1569"]
[Opening "Sicilian: Richter-Rauzer, 6...e6"]
[ECO "B62"]
[Time "21:30:47"]
[TimeControl "2700+45"]

1. e4 c5 2. Nf3 d6 3. d4 cxd4 4. Nxd4 Nf6 5. Nc3 Nc6 6. Bg5 e6 7. f4 Be7 8. Bb5
Bd7 9. O-O O-O 10. Nf3 a6 11. Ba4 b5 12. Bb3 b4 13. Bxf6 Bxf6 14. Na4 Qc7 15.
Rc1 Na5 16. c3 Bxa4 17. Bxa4 Nc4 18. Qe2 bxc3 19. bxc3 Nb6 20. Bb3 a5 21. a3 a4
22. Ba2 Rab8 23. Nd4 Qc5 24. e5 dxe5 25. fxe5 Bxe5 26. Qe3 Rfd8 27. Rcd1 Rbc8
28. Rxf7 Kxf7 29. Bxe6+ Ke8 30. Bxc8 Rxc8 31. Qh3 Bxd4+ 32. Kh1 Bxc3 33. Qe6+
Kf8 34. Rf1+ Bf6 {White resigns} 0-1

[Event "Team 45 45 League T57"]
[Site "Internet Chess Club"]
[Date "2013.06.23"]
[Round "5"]
[White "rahulr"]
[Black "julesraider"]
[Result "1-0"]
[WhiteElo "1612"]
[BlackElo "1575"]
[Opening "King's Indian: Four pawns attack"]
[ECO "E76"]
[Time "20:01:08"]
[TimeControl "2700+45"]

1. d4 Nf6 2. c4 g6 3. Nc3 Bg7 4. e4 d6 5. f4 O-O 6. Nf3 Na6 7. Be2 e5 8. fxe5 d5
9. exf6 Bxf6 10. e5 Bg7 11. Nxd5 c6 12. Bg5 Qd7 13. Nf6+ Bxf6 14. Bxf6 h6 15.
Qd2 Kh7 16. h4 Qf5 17. h5 Nb4 18. hxg6+ Qxg6 19. Ng5+ Kg8 20. a3 Nc2+ 21. Kd1
Nxa1 22. Bd3 Bf5 23. Bxf5 Qxf5 24. Ne4 Qxe4 25. Rxh6 Qg4+ 26. Ke1 Qe4+ 27. Kf2
Qf5+ 28. Kg1 Qb1+ 29. Kh2 Qh7 30. Qg5+ Qg6 31. Rh8# {Black checkmated} 1-0

[Event "Team 45 45 League T57"]
[Site "Internet Chess Club"]
[Date "2013.06.25"]
[Round "5"]
[White "Nb4"]
[Black "Chess-Dream"]
[Result "0-1"]
[WhiteElo "1914"]
[BlackElo "2160"]
[Opening "QGD semi-Slav: accelerated Meran (Alekhine variation)"]
[ECO "D45"]
[Time "14:35:06"]
[TimeControl "2700+45"]

1. d4 d5 2. c4 c6 3. Nc3 Nf6 4. e3 e6 5. Nf3 a6 6. b3 Bb4 7. Bd2 Nbd7 8. Bd3 O-O
9. O-O Qe7 10. Qe1 Bd6 11. c5 Bc7 12. e4 dxe4 13. Nxe4 Nd5 14. Bg5 f6 15. Bh4
Re8 16. Bg3 e5 17. dxe5 Nxe5 18. Nxe5 fxe5 19. Qb1 Bf5 20. Qc2 Bg6 21. Rac1 Rad8
22. a3 Nf4 23. Bxf4 exf4 24. f3 Be5 25. b4 Qh4 26. Rcd1 Bd4+ 27. Kh1 Re5 28. Nd6
Qxh2+ 29. Kxh2 Rh5# {White checkmated} 0-1

[Event "Team 45 45 League T57"]
[Site "Internet Chess Club"]
[Date "2013.06.24"]
[Round "5"]
[White "dmarcolino"]
[Black "bat30"]
[Result "0-1"]
[WhiteElo "1987"]
[BlackElo "1927"]
[Opening "Ruy Lopez: closed, Averbach variation"]
[ECO "C87"]
[Time "20:05:26"]
[TimeControl "2700+45"]

1. e4 e5 2. Nf3 Nc6 3. Bb5 a6 4. Ba4 Nf6 5. O-O Be7 6. Re1 d6 7. Bxc6+ bxc6 8.
d4 exd4 9. Nxd4 Bd7 10. h3 c5 11. Nf5 O-O 12. c4 Bxf5 13. exf5 Nd7 14. Nc3 Bf6
15. Ne4 Re8 16. Qc2 Be5 17. Bg5 f6 18. Bd2 Nb6 19. Rad1 Qd7 20. g4 Qc6 21. b3
Re7 22. f3 Nd7 23. Kg2 Rae8 24. Be3 a5 25. Qd2 a4 26. Qd5+ Qxd5 27. Rxd5 axb3
28. axb3 Rb8 29. Rd3 Bb2 30. Bc1 Ne5 31. Rde3 Bd4 32. R3e2 Nd3 33. Rd1 Nxc1 34.
Rxc1 Rxb3 35. Ra2 Kf7 36. Ra8 Re8 37. Ra7 Rb2+ 38. Kh1 Re7 39. h4 Be5 40. h5 g6
41. g5 gxf5 42. Nxf6 Bxf6 43. gxf6 Kxf6 44. Ra8 Kg5 45. f4+ Kxh5 46. Rg8 h6 47.
Rg3 Kh4 48. Rg6 Re4 49. Rcg1 h5 50. Rg8 Rxf4 51. Rh8 Rxc4 52. Rf8 Kh3 53. Rd1
Rh2+ 54. Kg1 Rg4+ 55. Kf1 Rh1+ {White resigns} 0-1

[Event "Team 45 45 League T57"]
[Site "Internet Chess Club"]
[Date "2013.06.24"]
[Round "5"]
[White "byebyebadman"]
[Black "jjimalo"]
[Result "1/2-1/2"]
[WhiteElo "1859"]
[BlackElo "1918"]
[Opening "Sicilian: Najdorf, Opocensky variation"]
[ECO "B92"]
[Time "13:32:06"]
[TimeControl "2700+45"]

1. e4 c5 2. Nf3 d6 3. d4 cxd4 4. Nxd4 Nf6 5. Nc3 a6 6. Be2 e5 7. Nb3 Be7 8. O-O
O-O 9. Be3 Nc6 10. Kh1 b5 11. f3 Be6 12. Nd5 Bxd5 13. exd5 Na5 14. Qd2 Nxb3 15.
axb3 {Game drawn by mutual agreement} 1/2-1/2

[Event "Team 45 45 League T57"]
[Site "Internet Chess Club"]
[Date "2013.06.22"]
[Round "5"]
[White "bahamapapa"]
[Black "IshanR"]
[Result "1-0"]
[WhiteElo "1859"]
[BlackElo "1704"]
[Opening "Queen's pawn game"]
[ECO "E00"]
[Time "09:30:07"]
[TimeControl "2700+45"]

1. d4 Nf6 2. c4 e6 3. a3 c5 4. d5 b5 5. dxe6 fxe6 6. cxb5 a6 7. bxa6 Bxa6 8. Nc3
d5 9. e3 Bxf1 10. Kxf1 Bd6 11. Nf3 O-O 12. g3 Nc6 13. Nb5 Be7 14. Kg2 Ne4 15.
Rf1 Qa5 16. a4 Rfb8 17. Bd2 Qd8 18. Qc2 Bf6 19. Rfd1 Na5 20. Bc3 Nxc3 21. Nxc3
Nb3 22. Ra3 Qb6 23. Nb5 Na5 24. b3 Nc6 25. Rc1 Nb4 26. Qe2 Qa6 27. Rxc5 Be7 28.
Rc7 Nc6 29. Ra2 Rxb5 30. Qxb5 Qxb5 31. axb5 Rxa2 32. bxc6 Bf8 33. Ng5 e5 34. Rc8
{Black resigns} 1-0

[Event "Team 45 45 League T57"]
[Site "Internet Chess Club"]
[Date "2013.06.24"]
[Round "5"]
[White "O00O"]
[Black "koni"]
[Result "0-1"]
[WhiteElo "1929"]
[BlackElo "1919"]
[Opening "Old Indian defense"]
[ECO "A42"]
[Time "13:02:03"]
[TimeControl "2700+45"]

1. d4 d6 2. c4 e5 3. Nf3 e4 4. Ng5 f5 5. Nc3 Be7 6. Nh3 c6 7. Nf4 Nf6 8. e3 Na6
9. Be2 O-O 10. h4 Nc7 11. d5 cxd5 12. cxd5 Nd7 13. g3 Bf6 14. Bd2 Be5 15. Qb3
Kh8 16. Rc1 Nc5 17. Qa3 Ne8 18. b4 Na6 19. Na4 Nf6 20. Qb3 Nc7 21. Nc3 Bd7 22.
O-O Rc8 23. a4 Qe8 24. b5 Qf7 25. Bc4 h6 26. Kg2 g5 27. hxg5 hxg5 28. Rh1+ Kg7
29. Ne6+ Bxe6 30. dxe6 Qe7 31. Nd5 Ncxd5 32. Bxd5 Rh8 33. Rxh8 Rxh8 34. Ba5 b6
35. Bb4 Ng4 36. Be1 Kf6 37. Qc2 Rh2+ 38. Kf1 Nxe3+ 39. fxe3 Rxc2 40. Rxc2 Qh7
41. Rc8 Qh1+ 42. Ke2 Qg2+ 43. Kd1 Qf3+ 44. Kc2 Qe2+ {White resigns} 0-1

[Event "Team 45 45 League T57"]
[Site "Internet Chess Club"]
[Date "2013.06.25"]
[Round "5"]
[White "HematiteBrown"]
[Black "fledermaus"]
[Result "1/2-1/2"]
[WhiteElo "2022"]
[BlackElo "1931"]
[Opening "Sicilian: Scheveningen variation"]
[ECO "B80"]
[Time "15:00:46"]
[TimeControl "2700+45"]

1. e4 c5 2. Nf3 e6 3. d4 cxd4 4. Nxd4 Nf6 5. Nc3 d6 6. Be3 Be7 7. f3 O-O 8. Qd2
Nc6 9. O-O-O d5 10. exd5 Nxd5 11. Nxd5 Qxd5 12. Nxc6 Qxc6 13. Qa5 Bd7 14. Bd3 b6
15. Qh5 g6 16. Qe5 f6 17. Qg3 Bd6 18. Bf4 Bxf4+ 19. Qxf4 Rac8 20. h4 Qc7 21. Qe3
e5 22. h5 Bf5 23. hxg6 Qxc2+ 24. Bxc2 Rxc2+ 25. Kb1 Re2+ 26. Qe4 Bxe4+ 27. fxe4
hxg6 28. Rd7 Rf7 29. Rd8+ Rf8 30. Rd7 Rf7 31. Rd8+ Rf8 32. Rd7 {Game drawn by
repetition} 1/2-1/2

[Event "Team 45 45 League T57"]
[Site "Internet Chess Club"]
[Date "2013.06.21"]
[Round "5"]
[White "gcl"]
[Black "EyeAm"]
[Result "0-1"]
[WhiteElo "1699"]
[BlackElo "1793"]
[Opening "Danish gambit"]
[ECO "C21"]
[Time "16:17:35"]
[TimeControl "2700+45"]

1. e4 e5 2. d4 exd4 3. c3 dxc3 4. Bc4 cxb2 5. Bxb2 Bb4+ 6. Nc3 Nf6 7. Bxf7+ Kxf7
8. Qb3+ d5 9. Qxb4 Na6 10. Qa3 dxe4 11. Nge2 Qd6 12. Qb3+ Be6 13. Qc2 Nb4 14.
Qb1 Nd3+ 15. Kf1 Rhf8 16. a4 Kg8 17. Ba3 Qe5 18. Bxf8 Rxf8 19. Qb5 Nd5 20. Ra3
Rxf2+ 21. Kg1 Rf1+ 22. Kxf1 Qf5+ 23. Nf4 Qxf4+ 24. Ke2 Bg4# {White checkmated}
0-1

[Event "Team 45 45 League T57"]
[Site "Internet Chess Club"]
[Date "2013.06.22"]
[Round "5"]
[White "sockmonkey"]
[Black "calily"]
[Result "1-0"]
[WhiteElo "1823"]
[BlackElo "1629"]
[Opening "QGD Slav: exchange variation"]
[ECO "D13"]
[Time "05:07:23"]
[TimeControl "2700+45"]

1. d4 d5 2. c4 c6 3. Nf3 Nf6 4. cxd5 cxd5 5. Nc3 Nc6 6. Bf4 e6 7. e3 Bd6 8. Bg3
a6 9. Bd3 b5 10. Rc1 Qd7 11. Ne5 Qc7 12. Nxc6 Bxg3 13. hxg3 Qxc6 14. Nxb5 {Black
resigns} 1-0

[Event "Team 45 45 League T57"]
[Site "Internet Chess Club"]
[Date "2013.06.21"]
[Round "5"]
[White "parrot9"]
[Black "bookseller"]
[Result "0-1"]
[WhiteElo "1605"]
[BlackElo "1699"]
[Opening "Scotch: Horwitz attack"]
[ECO "C45"]
[Time "14:00:43"]
[TimeControl "2700+45"]

1. e4 e5 2. Nf3 Nc6 3. d4 exd4 4. Nxd4 Qh4 5. Nb5 Bc5 6. Qf3 Nd4 7. Nxd4 Bxd4 8.
Nc3 d6 9. Bc4 Nf6 10. O-O O-O 11. g3 Bg4 12. Qf4 Qh3 13. Re1 Nh5 14. Qd2 Nxg3
15. hxg3 Bf3 {White resigns} 0-1